 Dungeon Crawl Stone Soup version 0.29-a0-584-gb10a8bf730 (webtiles) character file.

Game seed: 2345762526627068305

48 Bruhh the Magician (level 4, -1/31 HPs)
             Began as a Djinni Fire Elementalist on June 15, 2022.
             Slain by an adder (4 damage)
             ... on level 2 of the Dungeon.
             The game lasted 00:02:05 (2284 turns).

Bruhh the Magician (Djinni Fire Elementalist)       Turns: 2284, Time: 00:02:05

Health: -1/31      AC:  4    Str: 13    XL:     4   Next: 0%
Gold:   62         EV: 12    Int: 18    God:
                   SH:  0    Dex: 14

rFire   + + .      SeeInvis .   (no weapon)
rCold   x . .      Faith    .   (no shield)
rNeg    . . .      Spirit   .   l - +0 leather armour
rPois   ∞          Reflect  .   (no helmet)
rElec   .          Harm     .   (no cloak)
rCorr   .          Rampage  .   k - +0 pair of gloves
Will    .....                   (boots unavailable)
Stlth   ++........              (no amulet)
HPRegen 0.10/turn               c - +6 ring of strength
MPRegen 0.00/turn               (no ring)

@: flying
A: sickness immunity, fire resistance 2, cold vulnerability 1, float, innate
caster, HP casting, extra vitality 1
a: no special abilities


You were on level 2 of the Dungeon.
You visited 1 branch of the dungeon, and saw 2 of its levels.

You collected 62 gold pieces.

Inventory:

Armour
 a - a +0 robe
 k - a +0 pair of gloves (worn)
 l - a +0 leather armour (worn)
Jewellery
 c - a +6 ring of strength (left hand)
 i - a ring of ice
Scrolls
 d - a scroll of enchant weapon {unknown}
 e - a scroll of silence {unknown}
 f - a scroll of blinking {unknown}
 g - a scroll of teleportation {unknown}
 h - a scroll of summoning {unknown}
 j - a scroll of vulnerability {unknown}
Potions
 b - a potion of flight


   Skills:
 - Level 2.1 Dodging
 - Level 1.5 Stealth
 + Level 3.6 Spellcasting


You couldn't memorise any spells.
You knew the following spells:

 Your Spells              Type           Power      Damage    Failure   Level
a - Foxfire               Conj/Fire      64%        2x1d7     4%          1
b - Scorch                Fire           32%        2d7       7%          2
c - Conjure Flame         Conj/Fire      16%        6-21      13%         3
d - Inner Flame           Hex/Fire       16%        N/A       13%         3
e - Flame Wave            Conj/Fire      16%        2d6       41%         4
f - Sting                 Tmut/Pois      64%        1d6       4%          1
Your spell library was empty.

Dungeon Overview and Level Annotations

Branches:
Dungeon (2/15)

Altars:

Shops:
D:2 *


Innate Abilities, Weirdness & Mutations

You are immune to sickness and miasma.
You are immune to poison.
Your flesh is very heat resistant. (rF++)
You are vulnerable to cold. (rC-)
You float through the air rather than walking.
You learn spells naturally, not from books.
Your magical power is your life essence.
You have superior vitality. (+4 MHP)


Message History

[a shop.]
Okay, then.
Casting: Sting (safe; 4% risk of failure)
Confirm with . or Enter, or press ? or * to list all spells.
Aiming: Sting (safe; 4% risk of failure)
Press: ? - help, Shift-Dir - straight line, f - adder
Aim: an adder (57% to hit)
The sting misses the adder.
The sting hits the endoplasm.
The endoplasm is poisoned.
You kill the endoplasm!
* * * LOW HITPOINT WARNING * * *
The adder bites you.
* * * LOW HITPOINT WARNING * * *
You have reached level 4!
You feel agile.
Casting: Sting (safe; 4% risk of failure)
Confirm with . or Enter, or press ? or * to list all spells.
Aiming: Sting (safe; 4% risk of failure)
Press: ? - help, Shift-Dir - straight line, f/p - adder
Aim: an adder (57% to hit)
The sting hits the adder.
The adder is poisoned.
The adder is lightly wounded.
* * * LOW HITPOINT WARNING * * *
The adder barely misses you.
Unknown command.
Casting: Sting (safe; 4% risk of failure)
Confirm with . or Enter, or press ? or * to list all spells.
Aiming: Sting (safe; 4% risk of failure)
Press: ? - help, Shift-Dir - straight line, f/p - adder
Aim: an adder (lightly wounded, poisoned, 57% to hit)
The sting hits the adder.
The adder looks even sicker.
The adder is heavily wounded.
* * * LOW HITPOINT WARNING * * *
The worm is no longer more vulnerable to fire.
The adder bites you but does no damage. The adder closely misses you.
Unknown command.
The adder attacks as you move away! The adder bites you.
* * * LOW HITPOINT WARNING * * *
The adder attacks as you move away! The adder bites you.
You die...

#.......†.......#.##
#.#####.#####...#.. #.# #.#
#...#.# #.#####.## #.#.#.##
# #........# #.#†...#.#
#........# #.#....#.##
#........+ ..#.......#+#
##........######..>...⌠#.##
.....†.......†..@...####.##
#.#.............S....+ .∩..
#.#.........####l##.## .##
#.#........... #.##.# #⌠
#.########..#.##J##.. .
................w####.
.....#####..#.##.## ##
...### #........# #..#
#........#


You could see a worm, an adder (very poisoned), an endoplasm and a frilled
lizard.

Vanquished Creatures
  An adder (D:2)
  2 dart slugs
  4 ball pythons
  2 endoplasms
  4 giant cockroaches (D:2)
  2 hobgoblins (D:1)
  A quokka (D:1)
  3 bats (D:1)
  2 frilled lizards (D:1)
  2 goblins (D:1)
  5 kobolds
  8 rats (D:1)
36 creatures vanquished.

Vanquished Creatures (collateral kills)
  2 foxfires (D:1)
2 creatures vanquished.

Vanquished Creatures (others)
  88 foxfires (D:1)
88 creatures vanquished.

Grand Total: 126 creatures vanquished

Notes
Turn   | Place    | Note
-------+----------+-------------------------------------------
     0 | D:1      | Bruhh the Djinni Fire Elementalist began the quest for the
                  | Orb.
     0 | D:1      | Reached XP level 1. HP: 15/15 MP: 0/0
   329 | D:1      | Reached XP level 2. HP: 16/21 MP: 0/0
   683 | D:1      | Found a faded altar of an unknown god.
   708 | D:1      | Reached skill level 3 in Spellcasting
  1258 | D:1      | Reached XP level 3. HP: 19/25 MP: 0/0
  1258 | D:1      | Learned a level 1 spell: Sting
  2234 | D:2      | Found Veof's General Store.
  2279 | D:2      | Reached XP level 4. HP: 5/31 MP: 0/0
  2284 | D:2      | Slain by an adder

Illustrated notes

Levels and vault maps discovered:
D:1:      dpeg_arrival_ratfight, layout_loops_ring,
          shapermc_ecumenical_altar_mp_urbaneastern
D:2:      minmay_roachtagon, layout_basic, serial_shops,
          nicolae_shop_hallway_plus, dreamdust_wishing_well,
          minmay_misc_feat_roman, chequers_serial_rivers_large_b,
          minmay_circle_x

Skill      XL: |  1  2 |
---------------+-------+-----
Spellcasting   | 3 |  3.6
Dodging        | |  2.1
Stealth        | |  1.5

Action                   |  1- 3 |  4- 6 || total
-------------------------+-------+-------++-------
Melee: Unarmed           |    13 |       ||    13
 Cast: Foxfire           |    57 |       ||    57
       Scorch            |    25 |       ||    25
       Sting             |     1 |     2 ||     3
  Use: Potion            |     1 |       ||     1
Armor: Robe              |     3 |       ||     3
       Leather armour    |     2 |     1 ||     3
Dodge: Dodged            |    19 |     2 ||    21

Table legend: (Time is in decaauts)
 A = Elapsed time spent in this place.
 B = Non-inter-level travel time spent in this place.
 C = Inter-level travel time spent in this place.
 D = Time resting spent in this place.
 E = Time spent auto-exploring this place.
 F = Levels seen in this place.
 G = Mean time per level.
                   A        B        C        D        E       F      G
               +--------+--------+--------+--------+--------+-----+--------+
         Total |   2283 |   2270 |     13 |      0 |   2020 |   2 | 1141.5 |
       Dungeon |   2283 |   2270 |     13 |      0 |   2020 |   2 | 1141.5 |
               +--------+--------+--------+--------+--------+-----+--------+

Top non-repeatable levels by time:
     D:1: 1829 daAuts
     D:2: 453 daAuts
